 Dungeon Crawl Stone Soup version 0.23-a0-650-ga4d50d4 (webtiles) character file.

641538 Amnesiac the Conqueror (level 27, -1/174 HPs)
             Began as a Spriggan Berserker on Jan 3, 2019.
             Was the Champion of Trog.
             Slain by an Orb Guardian (37 damage)
             ... on level 5 of the Realm of Zot.
             The game lasted 02:58:45 (81653 turns).

Amnesiac the Conqueror (Spriggan Berserker)        Turns: 81653, Time: 02:58:45

Health: -1/174     AC: 37    Str: 22    XL:     27
Magic:  0/30       EV: 24    Int: 10    God:    Trog [******]
Gold:   3001       SH: 11    Dex: 16    Spells: 26/26 levels left

rFire    + + +     SeeInvis +   a - +9 demon blade (elec)
rCold    + + .     Gourm    .   T - +3 buckler {AC+3}
rNeg     . . .     Faith    .   B - +5 gold dragon scales
rPois    +         Spirit   +   Q - +2 hat
rElec    .         Reflect  .   s - scarf {rC+ rF+}
rCorr    .         Harm     .   (gloves unavailable)
MR       ++++.     Rnd*Rage +   (boots unavailable)
Stlth    ..........             L - amulet of guardian spirit
HPRegen  0.39/turn              x - +3 ring of protection
MPRegen  0.22/turn              Y - ring of protection from fire

@: very quick
A: very small, unfitting armour, molten scales 1, see invisible, berserk 1,
dopey 1, herbivore, speed 3, sense surroundings 1, slow metabolism 2
}: 3/15 runes: serpentine, barnacled, silver
a: Berserk, Trog's Hand, Brothers in Arms, Renounce Religion


You were on level 5 of the Realm of Zot.
You worshipped Trog.
Trog was exalted by your worship.
You were completely stuffed.

You visited 10 branches of the dungeon, and saw 50 of its levels.
You visited the Abyss 1 time.
You visited 1 bazaar.
You also visited: Sewer, Ice Cave and Wizlab.

You collected 7759 gold pieces.
You spent 4758 gold pieces at shops.

Inventory:

Hand Weapons
 a - a +9 demon blade of electrocution (weapon)
 b - a +8 vampiric demon blade
Missiles
 M - 11 throwing nets (quivered)
Armour
 s - a scarf of resistance (worn)
 B - +5 gold dragon scales (worn)
 I - a +2 cloak
 Q - a +2 hat (worn)
 T - a +3 buckler of protection (worn)
Jewellery
 x - a +3 ring of protection (left hand)
 C - the amulet of Byruar {+Rage rElec rC- MR+}
   (You found it on level 3 of the Shoals)

   [amulet of rage]

   It makes you vulnerable to cold.
   It insulates you from electricity.
   It affects your resistance to hostile enchantments.
   It lets you go berserk.
 D - a +3 ring of protection
 L - an amulet of guardian spirit (around neck)
 Y - a ring of protection from fire (right hand)
Wands
 y - a wand of paralysis (28)
 A - a wand of acid (10)
 F - a wand of disintegration (26)
 H - a wand of iceblast (29)
 K - a wand of enslavement (20)
 P - a wand of digging (1)
 W - a wand of scattershot (3)
Scrolls
 d - 18 scrolls of remove curse {!r}
 g - 8 scrolls of magic mapping {!r}
 i - 5 scrolls of identify {!r}
 j - 14 scrolls of fog {!r}
 o - 17 scrolls of teleportation {!r}
 q - 6 scrolls of summoning {!r}
 t - 7 scrolls of fear {!r}
 w - 7 scrolls of blinking {!r}
 N - 2 scrolls of silence {!r}
Potions
 e - 9 potions of heal wounds {!q}
 f - 5 potions of haste {!q}
 h - 8 potions of flight {!q}
 k - 2 potions of agility {!q}
 m - 9 potions of magic {!q}
 p - 5 potions of might {!q}
 r - 3 potions of ambrosia {!q}
 z - 4 potions of invisibility {!q}
 E - 6 potions of cancellation {!q}
 J - 12 potions of mutation {!q}
 S - 14 potions of curing {!q}
 U - 2 potions of resistance {!q}
Miscellaneous
 l - a lamp of fire
 u - a phial of floods
 v - 6 phantom mirrors
 G - a lightning rod (4/4)
 R - a fan of gales
 V - 2 sacks of spiders
 X - 4 boxes of beasts
Comestibles
 c - 40 rations


   Skills:
 O Level 27 Fighting
 - Level 14.0 Long Blades
 * Level 19.5 Armour
 + Level 25.0 Dodging
 - Level 8.0 Stealth
 - Level 7.2 Shields
 - Level 8.0 Evocations


You had 26 spell levels left.
You didn't know any spells.
Your spell library contained the following spells:

 Spells                   Type           Power        Failure   Level  Hunger
 Animate Skeleton         Necr           N/A          100%        1    ##.....
 Apportation              Tloc           #.....       100%        1    ##.....
 Beastly Appendage        Tmut           #.....       100%        1    ##.....
 Confusing Touch          Hex            #.....       100%        1    ##.....
 Corona                   Hex            #......      100%        1    ##.....
 Flame Tongue             Conj/Fire      #....        100%        1    ##.....
 Infusion                 Chrm           #...         100%        1    ##.....
 Magic Dart               Conj           #...         100%        1    ##.....
 Pain                     Necr           #...         100%        1    ##.....
 Shock                    Conj/Air       #...         100%        1    ##.....
 Sting                    Conj/Pois      #...         100%        1    ##.....
 Summon Small Mammal      Summ           #...         100%        1    ##.....
 Blink                    Tloc           N/A          100%        2    ###....
 Call Imp                 Summ           #.......     100%        2    ###....
 Corpse Rot               Necr           N/A          100%        2    ###....
 Ensorcelled Hibernation  Hex/Ice        #.....       100%        2    ###....
 Poisonous Vapours        Pois/Air       #.....       100%        2    ###....
 Shroud of Golubria       Chrm/Tloc      #.........   100%        2    ###....
 Slow                     Hex            #.......     100%        2    ###....
 Song of Slaying          Chrm           #.......     100%        2    ###....
 Sticks to Snakes         Tmut           #.......     100%        2    ###....
 Sublimation of Blood     Necr           #.........   100%        2    ###....
 Swiftness                Chrm/Air       #.......     100%        2    ###....
 Throw Flame              Conj/Fire      #.....       100%        2    ###....
 Call Canine Familiar     Summ           #.......     100%        3    ####...
 Confuse                  Hex            #.......     100%        3    ####...
 Conjure Flame            Conj/Fire      #.......     100%        3    ####...
 Dazzling Spray           Conj/Hex       #.....       100%        3    ####...
 Gell's Gravitas          Tloc           #.........   100%        3    ####...
 Ignite Poison            Fire/Tmut/Pois #.......     100%        3    ####...
 Inner Flame              Hex/Fire       #.......     100%        3    ####...
 Mephitic Cloud           Conj/Pois/Air  #.......     100%        3    ####...
 Regeneration             Chrm/Necr      #.........   100%        3    ####...
 Spectral Weapon          Hex/Chrm       #.......     100%        3    ####...
 Spider Form              Tmut/Pois      #.........   100%        3    ####...
 Static Discharge         Conj/Air       #.......     100%        3    ####...
 Stone Arrow              Conj/Erth      #.....       100%        3    ####...
 Summon Guardian Golem    Hex/Summ       #.......     100%        3    ####...
 Tukima's Dance           Hex            #.......     100%        3    ####...
 Vampiric Draining        Necr           #.........   100%        3    ####...
 Airstrike                Air            #.........   100%        4    #####..
 Animate Dead             Necr           N/A          100%        4    #####..
 Cause Fear               Hex            #.........   100%        4    #####..
 Ice Form                 Ice/Tmut       #.......     100%        4    #####..
 Leda's Liquefaction      Hex/Erth       #.........   100%        4    #####..
 Olgreb's Toxic Radiance  Pois           #.......     100%        4    #####..
 Petrify                  Tmut/Erth      #.......     100%        4    #####..
 Sticky Flame             Conj/Fire      #.......     100%        4    #####..
 Summon Ice Beast         Ice/Summ       #.......     100%        4    #####..
 Summon Lightning Spire   Summ/Air       #.......     100%        4    #####..
 Agony                    Necr           #.......     100%        5    ######.
 Blade Hands              Tmut           #.........   100%        5    ######.
 Bolt of Draining         Conj/Necr      #.........   100%        5    ######.
 Bolt of Magma            Conj/Fire/Erth #.........   100%        5    ######.
 Dispel Undead            Necr           #.......     100%        5    ######.
 Excruciating Wounds      Chrm/Necr      #.........   100%        5    ######.
 Fireball                 Conj/Fire      #.........   100%        5    ######.
 Irradiate                Conj/Tmut      #.........   100%        5    ######.
 Iskenderun's Battlesphe  Conj/Chrm      #.......     100%        5    ######.
 Lightning Bolt           Conj/Air       #.........   100%        5    ######.
 Metabolic Englaciation   Hex/Ice        #.........   100%        5    ######.
 Silence                  Hex/Air        #.........   100%        5    ######.
 Summon Forest            Summ/Tloc      #.........   100%        5    ######.
 Venom Bolt               Conj/Pois      #.........   100%        5    ######.
 Yara's Violent Unravell  Hex/Tmut       #.........   100%        5    ######.
 Bolt of Fire             Conj/Fire      #.........   100%        6    #######
 Hydra Form               Tmut           #.........   100%        6    #######
 Iron Shot                Conj/Erth      #.........   100%        6    #######
 Statue Form              Tmut/Erth      #........    100%        6    #######
 Dragon Form              Tmut           #.........   100%        7    #######
 Haunt                    Necr/Summ      #.........   100%        7    #######
 Orb of Destruction       Conj           #.........   100%        7    #######
 Spellforged Servitor     Conj/Summ      #.........   100%        7    #######
 Summon Hydra             Summ           #.........   100%        7    #######
 Borgnjor's Revivificati  Necr           #.........   100%        8    #######
 Death's Door             Chrm/Necr      #.........   100%        8    #######
 Infestation              Necr           #.........   100%        8    #######
 Necromutation            Tmut/Necr      #.........   100%        8    #######
 Dragon's Call            Summ           #.........   100%        9    #######
 Tornado                  Air            #.........   100%        9    #######


Dungeon Overview and Level Annotations

Branches:
Dungeon (15/15)            Temple (1/1) D:4            Lair (6/6) D:11
 Shoals (4/4) Lair:2        Snake (4/4) Lair:4        Slime (0/5) Lair:5
    Orc (2/2) D:12            Elf (3/3) Orc:2        Vaults (5/5) D:13
  Crypt (0/3) Vaults:2     Depths (5/5) D:15            Zot (5/5) Depths:5

Altars:
Cheibriados
Fedhas
Gozag
Makhleb
Nemelex Xobeh
Okawaru
Qazlal
Ru
Sif Muna
Vehumet
Zin
Beogh
Jiyva

Shops:
D:7 *   D:10 =   D:15 =   Orc:2 [[!*   Elf:3 *   Shoals:3 ?   Vaults:2 ?
Zot:2 *   Depths:3 *

Portals:
Hell: Depths:1 Depths:2 Depths:3 Depths:4 Depths:5
Abyss: Depths:4 Depths:5
Pandemonium: Depths:1 Depths:3
Ziggurat: Depths:4

Annotations:
Snake:2 1 runed door, Zuogeh's ghost, adept MiBe
Snake:4 Kenran's ghost, adept GnGl
Zot:2 3 runed doors, exclusion: obsidian statue, Haggihos's ghost, master VSFi
Zot:3 4 exclusions
Zot:4 exclusion: upstairs


Innate Abilities, Weirdness & Mutations

You are very small and have problems with some larger weapons.
You are too small for most types of armour.
You have supernaturally acute eyesight. (SInv)
You are a herbivore.
You cover ground extremely quickly.
You need to consume almost no food.
You are partially covered in molten scales. (AC +2)
You tend to lose your temper in combat.
You are dopey. (Int -2)
You passively map a small area around you.


Message History

The Orb Guardian is moderately wounded.
The Orb Guardian barely misses you. The Orb Guardian closely misses you.
The Orb Guardian completely misses you.
You slice the Orb Guardian!!
The Orb Guardian is heavily wounded.
The Orb Guardian hits you!!! You block the Orb Guardian's attack.
You slice the Orb Guardian!!
The Orb Guardian is heavily wounded.
The Orb Guardian misses you. The Orb Guardian completely misses you.
Your gold dragon scales prevents you from hitting the Orb Guardian.
The Orb Guardian is heavily wounded.
You block the Orb Guardian's attack. The Orb Guardian hits you!
You slash the Orb Guardian!
The Orb Guardian is severely wounded.
You block the Orb Guardian's attack.
The Orb Guardian hits you but does no damage.
You barely miss the Orb Guardian.
The Orb Guardian is severely wounded.
The Orb Guardian hits you!!
* * * LOW HITPOINT WARNING * * *
The Orb Guardian hits you.
* * * LOW HITPOINT WARNING * * *
You hit the Orb Guardian.
The Orb Guardian is severely wounded.
You block the Orb Guardian's attack.
The Orb Guardian hits you but does no damage.
You slash the Orb Guardian!
Lightning courses through the Orb Guardian!
The Orb Guardian is almost dead.
The Orb Guardian closely misses you.
The Orb Guardian hits you but does no damage.
The Orb Guardian misses you.
You miss the Orb Guardian.
The Orb Guardian is almost dead.
The Orb Guardian hits you but does no damage.
The Orb Guardian hits you.
* * * LOW HITPOINT WARNING * * *
You hit the Orb Guardian but do no damage.
Lightning courses through the Orb Guardian!
You kill the Orb Guardian!
Trog accepts your kill.
The Orb Guardian hits you but does no damage.
The moth of wrath misses you.
You slice the moth of wrath!!
The moth of wrath is heavily wounded.
The moth of wrath misses you.
You slash the moth of wrath!
The moth of wrath is severely wounded.
The Orb Guardian barely misses you.
The moth of wrath goads the Orb Guardian on!
The Orb Guardian goes berserk!
You slash the moth of wrath!
The moth of wrath is almost dead.
The Orb Guardian hits you!!!
* * * LOW HITPOINT WARNING * * *
You slice the moth of wrath!!
You kill the moth of wrath!
Trog accepts your kill.
The Orb Guardian hits you but does no damage.
You block the Orb Guardian's attack.
You see here a moth of wrath corpse.
There is an escape hatch in the ceiling here.
The Orb Guardian hits you!!!
You die...

....^...,,,,* ##........y..## #
........,,,,* #...........# #
.^.....^,,,,* ##...p.......## #
[...D...,,,** #.............# #
...y..^.,,** ##.............##
........,** #.......X.......#
##########▓▓▓▓########.########▓▓
#.# #.......# #.# #.##.######.
#.# #.......# #@# #.).........
#.# #.......# #X# ####X######[
#'####...[)..# #†# #.# #[
.......###'### #.# ####.######)
<......'.#.#####y#####..........[
.......#.............y......###..
.....⌠.###.###......##.##.### #.#
.......# #.# #.####.##.##.# #.#
.......# #.# #.# ##'##'##'#####.#


You could see an Orb Guardian (berserk) and a moth of wrath.

Vanquished Creatures
  3 ancient liches (Zot:5)
  4 orbs of fire
  The ghost of Beuf the Slayer, a veteran MiBe of Trog (Depths:4)
  A juggernaut (Depths:3)
  Vashnia (Snake:3)
  Margery (Vaults:3)
  5 Killer Klowns
  3 curse toes
  4 golden dragons
  A mutant beast (WizLab)
  Jory (Vaults:4)
  Nikola (Shoals:4)
  A bone dragon (Depths:5)
  7 liches
  3 electric golems (Zot:5)
  20 tentacled monstrosities
  Rupert (Lair:5)
  21 Orb Guardians
  Asterion (Elf:2)
  6 quicksilver dragons
  2 deep elf blademasters (Elf:3)
  12 death cobs
  5 deep elf master archers (Elf:3)
  6 titans
  An acid blob (Depths:5)
  A sphinx (shapeshifter) (Depths:2)
  3 krakens
  10 tengu reavers
  5 sphinxes
  11 storm dragons
  Kirke (D:14)
  9 shadow dragons
  Agnes (D:14)
  2 draconian monks (Zot:5)
  2 draconian knights
  6 nagarajas (Snake:4)
  17 deep elf sorcerers
  11 frost giants
  An iron dragon (Vaults:5)
  7 fire giants
  3 azure jellies (Depths:5)
  A balrug (Depths:1)
  11 vault wardens
  3 draconian scorchers
  4 draconian stormcallers
  2 cacodemons (Depths:5)
  The ghost of Guakhlud the Whirler, a journeyman HaHu of Okawaru (D:15)
  4 draconian shifters
  5 deep elf elementalists
  3 draconian annihilators
  18 stone giants
  22 ironheart preservers
  A war gargoyle (Vaults:5)
  27 very ugly things
  7 deep elf demonologists
  2 vampire knights
  Azrael (Elf:1)
  5 black draconians
  A green draconian (Zot:3)
  11 white draconians
  3 purple draconians
  8 deep elf annihilators
  2 red draconians
  2 yellow draconians (Zot:5)
  9 spark wasps
  7 deep elf death magi
  A merfolk javelineer (Shoals:3)
  Snorg (D:10)
  12 ettins
  11 great orbs of eyes
  12 fire dragons
  10 merfolk impalers
  3 death oozes (Depths:5)
  8 rakshasas
  15 naga warriors
  3 deep elf high priests
  11 ogre magi
  Josephine (Orc:2)
  17 yaktaur captains
  10 ice dragons
  31 vault guards
  Erica (D:9)
  7 spriggan air magi
  2 merfolk avatars (Shoals:4)
  3 hydras
  9 anacondas
  6 merfolk aquamancers
  2 death knights
  3 catoblepae (Lair:6)
  2 two-headed ogres (shapeshifter)
  9 deep troll shamans
  32 two-headed ogres
  27 dancing weapons
  3 vampire magi
  3 satyrs
  A hell hog (Depths:5)
  13 centaur warriors
  8 tengu warriors
  2 orc high priests
  12 deep troll earth magi
  6 death yaks (Lair:6)
  A spriggan berserker (Depths:4)
  A wretched star (Abyss:2)
  9 shock serpents
  18 naga sharpshooters
  25 deep elf knights
  14 hell knights
  A fire crab (shapeshifter) (Vaults:1)
  4 iron trolls
  An iron golem (WizLab)
  2 salamander mystics
  15 skeletal warriors
  A spriggan druid (Depths:1)
  A golden dragon zombie (Depths:2)
  7 wizards
  33 deep trolls
  A golden dragon skeleton (D:15)
  11 sea snakes
  3 flayed ghosts
  An unseen horror (shapeshifter) (Vaults:1)
  3 unseen horrors
  6 naga ritualists
  A swamp dragon (shapeshifter) (Depths:5)
  25 deep elf archers
  5 glowing orange brains
  Pikel (D:9)
  3 phantasmal warriors
  A harpy (shapeshifter) (Elf:3)
  15 orc knights
  23 harpies
  8 mana vipers
  14 ironbrand convokers
  16 necromancers
  6 wolf spiders
  An orb spider (shapeshifter) (WizLab)
  78 deep elf magi
  46 ugly things
  14 manticores
  9 fauns
  11 salamanders
  8 orc sorcerers
  A manticore (shapeshifter) (Vaults:1)
  A faun (shapeshifter) (Vaults:5)
  2 wolf spiders (shapeshifter)
  A mana viper (shapeshifter) (Vaults:4)
  22 moths of wrath
  13 cyclopes
  2 tengu skeletons
  5 merfolk sirens
  A sphinx skeleton (Vaults:2)
  18 elephants
  2 guardian serpents
  2 frost giant skeletons
  2 ice statues (IceCv)
  A spriggan zombie (Depths:2)
  4 water nymphs
  2 stone giant skeletons
  15 vault sentinels
  2 black mambas (shapeshifter) (WizLab)
  26 black mambas
  6 hornets
  2 gargoyles (D:14)
  2 hellions (Zot:2)
  18 naga magi
  2 elf skeletons
  A rime drake (shapeshifter) (Vaults:2)
  A yaktaur zombie (D:15)
  3 human zombies (Vaults:3)
  9 spiny frogs
  9 komodo dragons
  7 rime drakes
  3 tengu conjurers
  An efreet (Zot:2)
  9 freezing wraiths
  50 yaktaurs
  2 ice devils (Lair:5)
  A hellwing (Depths:1)
  A komodo dragon (shapeshifter) (Elf:1)
  A red devil (Depths:1)
  2 yaktaur skeletons (Vaults:2)
  2 jumping spiders (shapeshifter)
  5 meliai (shapeshifter) (WizLab)
  8 wind drakes
  4 polar bears
  41 merfolk
  2 tengu simulacra
  9 trolls
  A tyrant leech (shapeshifter) (Vaults:5)
  2 wind drakes (shapeshifter) (WizLab)
  A hornet (shapeshifter) (D:15)
  7 large abominations (WizLab)
  3 raiju (Abyss:2)
  2 blink frogs (shapeshifter) (Vaults:5)
  26 slime creatures
  2 ettin zombies (Vaults:3)
  15 snapping turtles
  16 dream sheep
  A hippogriff (shapeshifter) (WizLab)
  9 hippogriffs
  A shadow (D:11)
  2 vampires
  4 spriggans (shapeshifter)
  2 spriggans (Depths:4)
  A fire bat (shapeshifter) (Depths:5)
  3 tarantellas (shapeshifter)
  9 wraiths
  Sigmund (D:2)
  4 air elementals
  A yak (shapeshifter) (WizLab)
  3 basilisks (shapeshifter)
  9 fire elementals
  A wyvern (shapeshifter) (Depths:5)
  A human (shapeshifter) (WizLab)
  14 water elementals
  The ghost of tstbtto the Chopper, an amateur MiFi (D:6)
  6 hogs (shapeshifter)
  4 wyverns
  3 hogs (D:14)
  A steam dragon (D:12)
  55 yaks
  3 golden eyes (shapeshifter)
  7 vampire mosquitoes (D:14)
  2 basilisks
  5 wargs
  3 hungry ghosts
  Menkaure (D:4)
  4 acid dragons
  A soldier ant (shapeshifter) (WizLab)
  50 nagas
  10 water moccasins
  A soldier ant (D:13)
  A water moccasin (shapeshifter) (WizLab)
  5 floating eyes
  A floating eye (shapeshifter) (WizLab)
  7 porcupines
  14 hell hounds
  55 orc warriors
  A hornet zombie (D:14)
  18 ice beasts
  2 swamp drakes (shapeshifter) (Depths:5)
  2 eyes of draining
  5 sky beasts
  4 slaves (D:9)
  A black bear (Depths:1)
  3 eyes of draining (shapeshifter) (WizLab)
  4 phantoms
  2 black bears (shapeshifter) (WizLab)
  A necrophage (D:14)
  41 ogres
  An ogre (shapeshifter) (Vaults:2)
  11 wolves
  47 centaurs
  22 boggarts
  15 crocodiles
  A big kobold (shapeshifter) (WizLab)
  5 big kobolds
  18 bullfrogs
  2 gnoll sergeants (D:12)
  An ogre simulacrum (Vaults:1)
  A glowing shapeshifter simulacrum (Vaults:2)
  2 earth elementals
  14 human skeletons
  7 small abominations
  2 scorpions
  10 killer bees
  A wight (D:13)
  2 electric eels (D:11)
  A howler monkey (D:5)
  9 crimson imps
  3 centaur zombies
  9 jellies
  3 quasits
  An iron imp (Abyss:2)
  2 bullfrog zombies
  5 centaur skeletons
  6 hounds
  Crazy Yiuf (D:6)
  2 bullfrog skeletons
  15 orc priests
  26 orc wizards
  6 iguanas
  11 worker ants
  6 hell rats (Lair:6)
  A hound skeleton (D:7)
  2 worker ant zombies
  Robin (D:3)
  3 gnolls (D:12)
  An adder (shapeshifter) (Depths:5)
  19 adders
  3 river rats (Sewer)
  5 shadow imps
  A white imp (Abyss:2)
  An ufetubus (Depths:3)
  3 oozes
  3 worms
  A dart slug (D:1)
  16 leopard geckos
  111 orcs
  4 giant cockroaches
  13 goblins
  13 hobgoblins
  11 jackals
  17 kobolds
  4 quokkas
  11 ball pythons
  7 bats
  8 frilled lizards
  A jackal skeleton (D:4)
  A leopard gecko skeleton (D:6)
  A quokka skeleton (D:4)
  26 rats
  2 bushes (Lair:5)
  2 plants
  12 tentacles
2462 creatures vanquished.

Vanquished Creatures (collateral kills)
  Mennas (Vaults:3)
  A deep elf blademaster (Elf:3)
  A naga ritualist (Snake:4)
  A yaktaur (shapeshifter) (Vaults:3)
  A centaur (D:8)
  A scorpion (D:8)
  A worker ant (D:8)
7 creatures vanquished.

Vanquished Creatures (others)
  A death cob (Zot:5)
  A tengu reaver (Depths:2)
  A fire giant (Vaults:5)
  A vault warden (Vaults:5)
  A yellow draconian (Zot:5)
  A deep elf annihilator (Vaults:1)
  An anaconda (Snake:4)
  An orc knight (D:14)
  A kobold demonologist (Elf:1)
  A water elemental (Shoals:3)
  A bullfrog (D:14)
  An ufetubus (Abyss:2)
  An orc (Orc:2)
  19 plants
  12 tentacles
  2 withered plants (Snake:2)
46 creatures vanquished.

Grand Total: 2515 creatures vanquished

Notes
Turn   | Place    | Note
-------+----------+-------------------------------------------
     0 | D:1      | Amnesiac the Spriggan Berserker began the quest for the
                  | Orb.
     0 | D:1      | Reached XP level 1. HP: 11/11 MP: 2/2
    70 | D:1      | Reached XP level 2. HP: 12/16 MP: 3/3
   609 | D:1      | Reached XP level 3. HP: 13/19 MP: 4/4
   641 | D:1      | Reached ** piety under Trog
   910 | D:2      | Found a sparkling altar of Nemelex Xobeh.
  1016 | D:2      | Reached skill level 5 in Dodging
  1182 | D:2      | Reached XP level 4. HP: 14/23 MP: 5/5
  1381 | D:2      | Noticed Sigmund
  1399 | D:2      | Killed Sigmund
  1399 | D:2      | Reached skill level 3 in Fighting
  1399 | D:2      | Reached XP level 5. HP: 11/28 MP: 6/6
  2049 | D:3      | Found an iron altar of Okawaru.
  2194 | D:4      | Found a staircase to the Ecumenical Temple.
  2330 | D:4      | Reached XP level 6. HP: 27/32 MP: 7/7
  2406 | D:4      | Noticed Menkaure
  2421 | D:4      | Killed Menkaure
  2593 | D:4      | Found a glowing drain.
  2641 | Sewer    | Entered a sewer
  2836 | Sewer    | Reached *** piety under Trog
  2970 | Sewer    | Reached skill level 5 in Long Blades
  3017 | Sewer    | Reached XP level 7. HP: 36/37 MP: 8/8
  3260 | Sewer    | Reached skill level 4 in Fighting
  3453 | D:4      | Reached **** piety under Trog
  3545 | Temple   | Entered the Ecumenical Temple
  3827 | D:4      | Found a burning altar of Makhleb.
  4011 | D:3      | Noticed Robin
  4043 | D:3      | Killed Robin
  4685 | D:5      | Entered Level 5 of the Dungeon
  4718 | D:5      | Reached XP level 8. HP: 32/42 MP: 9/9
  4749 | D:5      | Reached ***** piety under Trog
  5446 | D:6      | Found a stormy altar of Qazlal.
  6123 | D:6      | Found a snail-covered altar of Cheibriados.
  6177 | D:6      | Noticed tstbtto's ghost (amateur MiFi)
  6178 | D:6      | Found a runed door.
  6197 | D:6      | Killed tstbtto's ghost
  6197 | D:6      | Reached skill level 10 in Dodging
  6274 | D:6      | Reached XP level 9. HP: 36/45 MP: 10/10
  6312 | D:6      | Found a runed door.
  6960 | D:6      | Noticed Crazy Yiuf
  6971 | D:6      | Killed Crazy Yiuf
  6981 | D:6      | Got an ivory mace
  7181 | D:7      | Reached skill level 1 in Evocations
  7187 | D:7      | Found an opulent altar of Gozag.
  7321 | D:7      | You fall through a shaft for 3 floors!
  7321 | D:10     | Entered Level 10 of the Dungeon
  7552 | D:10     | Found Pozuf's Jewellery Boutique.
  7555 | D:10     | Bought an uncursed amulet of guardian spirit for 420 gold
                  | pieces
  8236 | D:9      | Noticed Pikel
  8308 | D:9      | Killed Pikel
  8308 | D:9      | Reached skill level 5 in Evocations
  8308 | D:9      | Reached XP level 10. HP: 46/49 MP: 14/14
  8419 | D:9      | Reached ****** piety under Trog
  8693 | D:9      | Noticed Erica
  8711 | D:8      | Noticed a green ugly thing
  8767 | D:9      | Killed Erica
  8767 | D:9      | Reached skill level 10 in Long Blades
  9094 | D:7      | Found Piggu's Assorted Antiques.
  9102 | D:7      | Bought a scroll labeled FIESTI ILOENUNECK for 27 gold
                  | pieces
  9102 | D:7      | Bought a scroll labeled FIESTI ILOENUNECK for 27 gold
                  | pieces
  9120 | D:7      | Received a gift from Trog
  9834 | D:8      | Reached skill level 1 in Shields
 10022 | D:8      | Found a roughly hewn altar of Beogh.
 10142 | D:8      | Killed a green ugly thing
 10159 | D:8      | HP: 1/49 [poisoned by a green ugly thing]
 10751 | D:8      | Reached XP level 11. HP: 16/53 MP: 10/17
 11386 | D:10     | Noticed Snorg
 11416 | D:10     | Killed Snorg
 11859 | D:11     | Noticed a green ugly thing
 11877 | D:11     | Killed a green ugly thing
 12158 | D:11     | Noticed a two-headed ogre
 12167 | D:11     | Killed a two-headed ogre
 12353 | D:11     | You fall through a shaft!
 12391 | D:12     | Noticed a two-headed ogre
 12405 | D:12     | Killed a two-headed ogre
 12411 | D:12     | Noticed a brown ugly thing
 12492 | D:11     | Found a staircase to the Lair.
 12829 | D:12     | Noticed a two-headed ogre
 12923 | D:12     | Killed a two-headed ogre
 12997 | D:12     | Reached XP level 12. HP: 58/58 MP: 19/19
 13082 | D:12     | Found a staircase to the Orcish Mines.
 13502 | Orc:1    | Entered Level 1 of the Orcish Mines
 13533 | Orc:1    | Reached skill level 5 in Shields
 13693 | Orc:1    | Found a radiant altar of Vehumet.
 13929 | Orc:2    | Entered Level 2 of the Orcish Mines
 13941 | Orc:2    | Received a gift from Trog
 13958 | Orc:1    | Gained mutation: You have a pair of small horns on your
                  | head. [potion of mutation]
 13958 | Orc:1    | Gained mutation: You tend to lose your temper in combat.
                  | [potion of mutation]
 13958 | Orc:1    | Gained mutation: You are dopey. (Int -2) [potion of
                  | mutation]
 13958 | Orc:1    | Gained mutation: You evolve. [potion of mutation]
 14007 | Orc:2    | Found a roughly hewn altar of Beogh.
 14505 | Orc:2    | Found a staircase to the Elven Halls.
 14514 | Orc:2    | Noticed Josephine
 14559 | Orc:2    | Killed Josephine
 14736 | Orc:2    | Noticed an orc high priest
 15177 | Orc:1    | Reached XP level 13. HP: 61/61 MP: 18/20
 15401 | Orc:2    | Found Aqaf's Distillery.
 15401 | Orc:2    | Found Rozufof's Antique Armour Boutique.
 15403 | Orc:2    | Found Katrayz's Armour Shop.
 15405 | Orc:2    | Found Syroikeo's General Store.
 15844 | D:13     | Found a blossoming altar of Fedhas.
 16064 | D:13     | Reached skill level 5 in Fighting
 16166 | D:13     | Reached skill level 6 in Fighting
 16296 | D:13     | Received a gift from Trog
 16297 | D:13     | Got a crude long sword {god gift}
 16321 | D:13     | Found a gate to the Vaults.
 16414 | D:13     | Reached skill level 7 in Fighting
 16651 | D:14     | Reached skill level 1 in Armour
 16778 | D:13     | Reached skill level 8 in Fighting
 16916 | D:14     | Reached XP level 14. HP: 74/74 MP: 15/21
 17028 | D:14     | Found a sparkling altar of Nemelex Xobeh.
 17186 | D:14     | Noticed Agnes
 17212 | D:14     | Killed Agnes
 17212 | D:14     | Reached skill level 9 in Fighting
 17486 | D:14     | Noticed Kirke
 17539 | D:14     | Killed Kirke
 17548 | D:14     | Lost mutation: You are dopey. (Int -2) [evolution]
 17650 | D:15     | Entered Level 15 of the Dungeon
 17685 | D:15     | Found a transporter.
 17689 | D:15     | Noticed Guakhlud's ghost (journeyman HaHu)
 17691 | D:15     | Identified the Volume of Flying Sinister Secrets
 17779 | D:15     | Received a gift from Trog
 17877 | D:15     | Found a staircase to the Depths.
 17993 | D:14     | Reached skill level 10 in Fighting
 18329 | D:15     | Found Edadoegg's Jewellery Shoppe.
 18880 | D:15     | Found a transporter.
 18899 | D:15     | Reached skill level 5 in Armour
 18934 | D:15     | Killed Guakhlud's ghost
 19013 | D:15     | Reached skill level 11 in Fighting
 19097 | Depths:1 | Entered Level 1 of the Depths
 19278 | Lair:1   | Entered Level 1 of the Lair of Beasts
 20119 | Lair:2   | Received a gift from Trog
 20297 | Lair:2   | Reached XP level 15. HP: 83/83 MP: 14/22
 20506 | Lair:2   | Found a staircase to the Shoals.
 21299 | Lair:3   | Gained mutation: You expend magic power (3 MP) to
                  | strengthen your wands. [evolution]
 21412 | Lair:4   | Identified a paperback manual
 21670 | Lair:4   | Reached skill level 12 in Fighting
 21961 | Lair:4   | Found a staircase to the Snake Pit.
 22291 | Lair:5   | Identified Qeliz's Disquisition on the Blaze and Changing
 22467 | Lair:5   | Noticed Rupert
 22470 | Lair:5   | Paralysed by Rupert for 4 turns
 22551 | Lair:5   | Found a viscous altar of Jiyva.
 22552 | Lair:5   | Found a staircase to the Slime Pits.
 22668 | Lair:5   | Found a frozen archway.
 22687 | IceCv    | Entered an ice cave
 22807 | IceCv    | Received a gift from Trog
 23159 | IceCv    | Got a sparkling sapphire amulet
 23163 | IceCv    | Got a wavering brass amulet
 23298 | Lair:5   | Killed Rupert
 23681 | Lair:5   | Identified the amulet of Udoats {+Rage rC+ Int+4} (You
                  | found it on level 5 of the Lair of Beasts)
 23697 | Lair:5   | Identified the amulet of Zickuleg {Acrobat Str+5} (You
                  | found it in an ice cave)
 23699 | Lair:5   | Identified the amulet "Raps" {Fragile rElec Regen+ Str+4
                  | Stlth+} (You found it in an ice cave)
 23805 | Lair:6   | Entered Level 6 of the Lair of Beasts
 24054 | Lair:6   | Reached skill level 13 in Fighting
 24685 | Lair:6   | Received a gift from Trog
 24802 | Lair:6   | Reached XP level 16. HP: 37/91 MP: 11/23
 25281 | Elf:1    | Entered Level 1 of the Elven Halls
 25599 | Elf:1    | Reached skill level 14 in Fighting
 25897 | Elf:1    | HP: 3/93 [acid (12)]
 26328 | Elf:1    | Received a gift from Trog
 26367 | Elf:1    | Got an ancient shortbow {god gift}
 26599 | Elf:1    | Noticed Azrael
 26641 | Elf:1    | Killed Azrael
 27692 | Elf:2    | Found a runed gate.
 27692 | Elf:2    | Found a runed gate.
 27692 | Elf:2    | Found a runed gate.
 27948 | Elf:2    | Reached skill level 15 in Fighting
 28284 | Elf:2    | Reached skill level 15 in Dodging
 28788 | Elf:2    | Noticed Asterion
 28818 | Elf:2    | Killed Asterion
 28992 | Elf:2    | Reached XP level 17. HP: 44/99 MP: 12/24
 29262 | Elf:3    | Entered Level 3 of the Elven Halls
 29330 | Elf:3    | Received a gift from Trog
 30001 | Elf:3    | Found a huge runed gate.
 30001 | Elf:3    | Found a huge runed gate.
 30001 | Elf:3    | Found a huge runed gate.
 30001 | Elf:3    | Found a huge runed gate.
 30001 | Elf:3    | Found a huge runed gate.
 30002 | Elf:3    | Found a huge runed gate.
 30004 | Elf:3    | Found a huge runed gate.
 30005 | Elf:3    | Found a huge runed gate.
 30005 | Elf:3    | Found a huge runed gate.
 30006 | Elf:3    | Found a huge runed gate.
 30009 | Elf:3    | Found a huge runed gate.
 30009 | Elf:3    | Found a huge runed gate.
 30020 | Elf:3    | Found a huge runed gate.
 30020 | Elf:3    | Found a huge runed gate.
 30020 | Elf:3    | Found a huge runed gate.
 30020 | Elf:3    | Found a huge runed gate.
 30020 | Elf:3    | Found a huge runed gate.
 30020 | Elf:3    | Found a huge runed gate.
 30020 | Elf:3    | Found a huge runed gate.
 30021 | Elf:3    | Found a huge runed gate.
 30042 | Elf:3    | Found a huge runed gate.
 30044 | Elf:3    | Found a huge runed gate.
 30044 | Elf:3    | Found a huge runed gate.
 30044 | Elf:3    | Found a huge runed gate.
 30211 | Elf:3    | Found Gagap's Assorted Antiques.
 30632 | Elf:3    | Found a huge runed gate.
 30689 | Elf:3    | Received a gift from Trog
 31085 | Elf:3    | Received a gift from Trog
 31176 | Elf:3    | Found a huge runed gate.
 31177 | Elf:3    | Found a huge runed gate.
 31177 | Elf:3    | Found a huge runed gate.
 31177 | Elf:3    | Found a huge runed gate.
 31187 | Elf:3    | Noticed a deep elf master archer
 31187 | Elf:3    | Noticed a deep elf master archer
 31188 | Elf:3    | Noticed a deep elf blademaster
 31188 | Elf:3    | Noticed a deep elf blademaster
 31188 | Elf:3    | Noticed a deep elf master archer
 31393 | Elf:3    | HP: 4/99 [deep elf master archer/arrow (23)]
 31421 | Elf:3    | Killed a deep elf blademaster
 31712 | Elf:3    | Noticed a Brimstone Fiend
 31964 | Elf:3    | Killed a deep elf master archer
 31985 | Elf:3    | Killed a deep elf master archer
 32076 | Elf:3    | Killed a deep elf blademaster
 32260 | Elf:3    | Noticed a deep elf master archer
 32274 | Elf:3    | Killed a deep elf master archer
 32278 | Elf:3    | Reached skill level 16 in Fighting
 32278 | Elf:3    | Reached skill level 10 in Armour
 32328 | Elf:3    | Noticed a deep elf master archer
 32349 | Elf:3    | Killed a deep elf master archer
 32397 | Elf:3    | Identified the +4 plate armour of Dim Light {Stlth+}
 32397 | Elf:3    | Noticed a deep elf blademaster
 32465 | Elf:3    | Killed a deep elf blademaster
 32521 | Elf:3    | Reached XP level 18. HP: 77/105 MP: 19/25
 32584 | Elf:3    | Identified Jeuwixast's Catalogue of Venom and Flight
 32737 | Elf:3    | Got an encrusted falchion
 32768 | Elf:3    | Noticed a Brimstone Fiend
 33175 | Elf:3    | Received a gift from Trog
 33581 | Elf:3    | Found Gagap's Assorted Antiques.
 34207 | Snake:1  | Entered Level 1 of the Snake Pit
 34224 | Snake:1  | Got a crystal quarterstaff
 34415 | Snake:1  | Found a flickering gateway to a bazaar.
 34424 | Bazaar   | Entered a bazaar
 34438 | Bazaar   | Found Lunafrach's Distillery.
 34442 | Bazaar   | Bought a potion of heal wounds for 45 gold pieces
 34442 | Bazaar   | Bought a potion of heal wounds for 45 gold pieces
 34468 | Bazaar   | Found Iskywasu's Distillery.
 34492 | Bazaar   | Found Siluicai's Gadget Shoppe.
 34518 | Bazaar   | Found Agiac's Gadget Shoppe.
 34527 | Bazaar   | Bought a sack of spiders for 180 gold pieces
 34527 | Bazaar   | Bought a sack of spiders for 180 gold pieces
 34527 | Bazaar   | Bought a wand of acid (8) for 216 gold pieces
 34527 | Bazaar   | Bought a wand of acid (5) for 162 gold pieces
 34527 | Bazaar   | Bought a wand of clouds (2) for 162 gold pieces
 34527 | Bazaar   | Bought a wand of digging (8) for 216 gold pieces
 34527 | Bazaar   | Bought a wand of enslavement (5) for 63 gold pieces
 34527 | Bazaar   | Bought a wand of iceblast (10) for 126 gold pieces
 34527 | Bazaar   | Bought a wand of iceblast (5) for 81 gold pieces
 34547 | Bazaar   | Bought a box of beasts for 180 gold pieces
 34547 | Bazaar   | Bought a phantom mirror for 270 gold pieces
 34547 | Bazaar   | Bought a wand of clouds (3) for 189 gold pieces
 34846 | Snake:1  | Got a crystal rapier
 35483 | Snake:2  | Received a gift from Trog
 35491 | Snake:2  | Got a warped short sword {god gift}
 35613 | Snake:2  | Reached skill level 17 in Fighting
 35854 | Snake:2  | Found a runed door.
 35855 | Snake:2  | Noticed Zuogeh's ghost (adept MiBe)
 36863 | Snake:3  | Received a gift from Trog
 36881 | Snake:3  | Noticed Vashnia
 36956 | Snake:3  | Killed Vashnia
 37792 | Snake:4  | Entered Level 4 of the Snake Pit
 37828 | Snake:4  | Gained mutation: You have a pair of horns on your head.
                  | [evolution]
 38113 | Snake:4  | Reached XP level 19. HP: 103/114 MP: 23/26
 38156 | Snake:4  | Found a transporter.
 38162 | Snake:4  | Noticed Kenran's ghost (adept GnGl)
 38185 | Snake:4  | Found a transporter.
 38263 | Snake:4  | Reached skill level 18 in Fighting
 39244 | Snake:4  | Received a gift from Trog
 39263 | Snake:4  | HP: 5/114 [poisoned by a nagaraja (poison arrow)]
 39813 | Snake:4  | Got a serpentine rune of Zot
 40197 | Vaults:1 | Entered Level 1 of the Vaults
 40300 | Vaults:1 | Reached skill level 19 in Fighting
 40374 | Vaults:1 | Received a gift from Trog
 40447 | Vaults:1 | Found a roughly hewn altar of Beogh.
 41459 | Vaults:1 | Received a gift from Trog
 41556 | Vaults:2 | Reached skill level 20 in Fighting
 41667 | Vaults:2 | Reached XP level 20. HP: 123/123 MP: 27/27
 41912 | Vaults:2 | Found Eroutt's Magic Scroll Emporium.
 41920 | Vaults:2 | Bought a scroll of enchant armour for 97 gold pieces
 42113 | Vaults:2 | Found a staircase to the Crypt.
 42312 | Vaults:2 | Gained mutation: Your mind is acute. (Int +2) [evolution]
 43459 | Vaults:3 | Received a gift from Trog
 43465 | Vaults:3 | Reached skill level 21 in Fighting
 43498 | Vaults:3 | Noticed Margery
 43519 | Vaults:3 | Killed Margery
 44107 | Vaults:4 | Found a magical portal.
 44112 | WizLab   | Entered Cigotuvi's Fleshworks
 44935 | WizLab   | Received a gift from Trog
 45004 | WizLab   | Paralysed by a floating eye for 2 turns
 45017 | WizLab   | Paralysed by a floating eye for 3 turns
 45067 | WizLab   | Got a warped bronze amulet
 45153 | WizLab   | Identified Cigotuvi's Guide on Evil Transmigration
 45157 | WizLab   | Identified the Papyrus of the Modern Suns
 45398 | Vaults:4 | Identified the amulet of Xom's Fury {Harm *Drain rN+} (You
                  | found it in a wizard's laboratory)
 45853 | Vaults:4 | Reached XP level 21. HP: 120/131 MP: 28/28
 45887 | Vaults:4 | Noticed Jory
 45977 | Vaults:4 | Killed Jory
 46364 | Vaults:3 | Reached skill level 22 in Fighting
 46378 | Vaults:3 | Received a gift from Trog
 46456 | Vaults:3 | Identified the +8 large shield of Amorality {+Fly}
 46456 | Vaults:3 | Noticed Mennas
 46510 | Vaults:3 | Killed Mennas
 47927 | Vaults:3 | Received a gift from Trog
 48563 | Vaults:4 | Received a gift from Trog
 49919 | Shoals:1 | Entered Level 1 of the Shoals
 50003 | Shoals:1 | Reached skill level 23 in Fighting
 50073 | Shoals:1 | Found an opulent altar of Gozag.
 50805 | Shoals:2 | Found a sacrificial altar of Ru.
 50839 | Shoals:2 | Received a gift from Trog
 51154 | Shoals:2 | Reached XP level 22. HP: 135/140 MP: 29/29
 51595 | Shoals:3 | Found a transporter.
 51650 | Shoals:3 | Found a transporter.
 51665 | Shoals:3 | Found Uforruj's Magic Scroll Boutique.
 51730 | Shoals:3 | Bought a scroll of enchant weapon for 120 gold pieces
 52204 | Shoals:3 | Got a brightly glowing trident
 52211 | Shoals:3 | Got a steaming pewter ring
 52229 | Shoals:3 | Identified the amulet of Byruar {+Rage rElec rC- MR+} (You
                  | found it on level 3 of the Shoals)
 52232 | Shoals:3 | Identified the amulet "Jarpha Yfab" {Faith Str+3 Stlth+}
                  | (You found it on level 3 of the Shoals)
 52235 | Shoals:3 | Identified the ring "Wuef" {+Fly SInv} (You found it on
                  | level 3 of the Shoals)
 52269 | Shoals:4 | Entered Level 4 of the Shoals
 52462 | Shoals:4 | Noticed Nikola
 52667 | Shoals:4 | Killed Nikola
 52777 | Shoals:4 | Received a gift from Trog
 53270 | Shoals:4 | Got a barnacled rune of Zot
 53636 | Shoals:4 | Lost mutation: Your mind is acute. (Int +2) [potion of
                  | mutation]
 53636 | Shoals:4 | Lost mutation: You expend magic power (3 MP) to strengthen
                  | your wands. [potion of mutation]
 53636 | Shoals:4 | Lost mutation: You tend to lose your temper in combat.
                  | [potion of mutation]
 53636 | Shoals:4 | Lost mutation: You have a pair of horns on your head.
                  | [potion of mutation]
 53636 | Shoals:4 | Gained mutation: You tend to lose your temper in combat.
                  | [potion of mutation]
 53636 | Shoals:4 | Gained mutation: You are partially covered in slimy green
                  | scales. (AC +2) [potion of mutation]
 53636 | Shoals:4 | Gained mutation: Your muscles are strong. (Str +2) [potion
                  | of mutation]
 53637 | Shoals:4 | Lost mutation: You have a pair of small horns on your head.
                  | [potion of mutation]
 53637 | Shoals:4 | Lost mutation: You tend to lose your temper in combat.
                  | [potion of mutation]
 53637 | Shoals:4 | Lost mutation: Your muscles are strong. (Str +2) [potion of
                  | mutation]
 53637 | Shoals:4 | Gained mutation: You are occasionally teleported next to
                  | monsters. [potion of mutation]
 53637 | Shoals:4 | Gained mutation: You are mostly covered in slimy green
                  | scales. (AC +3) [potion of mutation]
 53638 | Shoals:4 | Lost mutation: You are occasionally teleported next to
                  | monsters. [potion of mutation]
 53638 | Shoals:4 | Gained mutation: Your spells are a little harder to cast,
                  | but a little more powerful. [potion of mutation]
 53638 | Shoals:4 | Gained mutation: You are frail. (-10% HP) [potion of
                  | mutation]
 53638 | Shoals:4 | Gained mutation: You expend magic power (3 MP) to
                  | strengthen your wands. [potion of mutation]
 53639 | Shoals:4 | Lost mutation: Your spells are a little harder to cast, but
                  | a little more powerful. [potion of mutation]
 53639 | Shoals:4 | Lost mutation: You are frail. (-10% HP) [potion of
                  | mutation]
 53639 | Shoals:4 | Gained mutation: You have large cloven feet. [potion of
                  | mutation]
 53639 | Shoals:4 | Gained mutation: You have a pair of small antennae on your
                  | head. [potion of mutation]
 54014 | Vaults:5 | Entered Level 5 of the Vaults
 54018 | Vaults:5 | Identified a scroll of acquirement
 54207 | Vaults:5 | Lost mutation: You are mostly covered in slimy green
                  | scales. (AC +3) [potion of mutation]
 54207 | Vaults:5 | Lost mutation: You have large cloven feet. [potion of
                  | mutation]
 54207 | Vaults:5 | Lost mutation: You have a pair of small antennae on your
                  | head. [potion of mutation]
 54207 | Vaults:5 | Gained mutation: You have a pair of small horns on your
                  | head. [potion of mutation]
 54299 | Vaults:5 | Received a gift from Trog
 54695 | Vaults:5 | Reached skill level 1 in Stealth
 54779 | Vaults:5 | Received a gift from Trog
 54782 | Vaults:5 | Found Valiy's Food Shop.
 54799 | Vaults:5 | Bought a ration for 65 gold pieces
 54799 | Vaults:5 | Bought a ration for 65 gold pieces
 54799 | Vaults:5 | Bought a ration for 65 gold pieces
 54799 | Vaults:5 | Bought a ration for 65 gold pieces
 54799 | Vaults:5 | Bought a ration for 65 gold pieces
 54799 | Vaults:5 | Bought a ration for 65 gold pieces
 54799 | Vaults:5 | Bought a ration for 65 gold pieces
 54799 | Vaults:5 | Bought a ration for 65 gold pieces
 54799 | Vaults:5 | Bought a ration for 65 gold pieces
 54803 | Vaults:5 | Noticed a golden dragon
 54815 | Vaults:5 | Killed a golden dragon
 54815 | Vaults:5 | Reached skill level 24 in Fighting
 55040 | Vaults:5 | Lost mutation: You are partially covered in slimy green
                  | scales. (AC +2) [evolution]
 55118 | Vaults:5 | Identified the +3 hunting sling of the Warrior-Mage
                  | {freeze, MR+ Dex+2}
 55126 | Vaults:5 | Identified the +5 shield "Esig" {rC+ Stlth+}
 55165 | Vaults:5 | Identified the +1 scale mail of Gallantry {rF+ rN+ Str-3}
 55168 | Vaults:5 | Identified the +1 scale mail "Vuesm" {Dex+2}
 55174 | Vaults:5 | HP: 7/141 [stone giant (28)]
 55368 | Vaults:5 | Reached skill level 5 in Stealth
 55637 | Vaults:5 | Reached XP level 23. HP: 98/146 MP: 21/30
 55968 | Vaults:5 | Received a gift from Trog
 55984 | Vaults:5 | Got a silver rune of Zot
 56303 | Vaults:5 | Identified the cursed +1 robe of the Kraken {rN+ Int+4}
 57176 | Vaults:5 | Received a gift from Trog
 58655 | Vaults:5 | Reached skill level 25 in Fighting
 60140 | Depths:1 | Reached XP level 24. HP: 138/154 MP: 27/30
 60141 | Depths:1 | Found a gateway to Hell.
 60571 | Depths:1 | Found a one-way gate leading to the halls of Pandemonium.
 61138 | Depths:2 | Received a gift from Trog
 61482 | Depths:2 | Found a deep blue altar of Sif Muna.
 61486 | Depths:2 | Found a transporter.
 62386 | Depths:2 | Identified the Incunabulum of Captivating Boosts
 62596 | Depths:2 | Found a transporter.
 62836 | Depths:3 | You fall through a shaft for 2 floors!
 62836 | Depths:5 | Entered Level 5 of the Depths
 62837 | Depths:5 | Found a runed gate.
 62840 | Depths:5 | Found a runed gate.
 62840 | Depths:5 | Found a runed gate.
 63064 | Depths:5 | Found a runed gate.
 63064 | Depths:5 | Found a runed gate.
 63068 | Depths:5 | Found a runed gate.
 63072 | Depths:5 | Noticed Beuf's ghost (veteran MiBe)
 63220 | Depths:5 | Gained mutation: Your body sometimes deteriorates upon
                  | taking damage. [mutagenic glow]
 63223 | Depths:5 | Received a gift from Trog
 63270 | Depths:5 | Gained mutation: Armour fits poorly on your strangely
                  | shaped body. [mutagenic glow]
 63577 | Depths:5 | Lost mutation: You expend magic power (3 MP) to strengthen
                  | your wands. [potion of mutation]
 63577 | Depths:5 | Lost mutation: Your body sometimes deteriorates upon taking
                  | damage. [potion of mutation]
 63577 | Depths:5 | Gained mutation: Your spells are a little harder to cast,
                  | but a little more powerful. [potion of mutation]
 63577 | Depths:5 | Gained mutation: Your spells are harder to cast, but more
                  | powerful. [potion of mutation]
 63578 | Depths:5 | Lost mutation: Your spells are harder to cast, but more
                  | powerful. [potion of mutation]
 63578 | Depths:5 | Lost mutation: You have a pair of small horns on your head.
                  | [potion of mutation]
 63578 | Depths:5 | Lost mutation: Armour fits poorly on your strangely shaped
                  | body. [potion of mutation]
 63578 | Depths:5 | Gained mutation: Your body sometimes deteriorates upon
                  | taking damage. [potion of mutation]
 63578 | Depths:5 | Gained mutation: You are partially covered in iridescent
                  | scales. (AC +2) [potion of mutation]
 63596 | Depths:5 | Lost mutation: Your body sometimes deteriorates upon taking
                  | damage. [potion of mutation]
 63596 | Depths:5 | Lost mutation: You evolve. [potion of mutation]
 63596 | Depths:5 | Lost mutation: You are partially covered in iridescent
                  | scales. (AC +2) [potion of mutation]
 63596 | Depths:5 | Lost mutation: Your spells are a little harder to cast, but
                  | a little more powerful. [potion of mutation]
 63596 | Depths:5 | Gained mutation: You are occasionally teleported next to
                  | monsters. [potion of mutation]
 63596 | Depths:5 | Gained mutation: You are weak. (Str -2) [potion of
                  | mutation]
 63596 | Depths:5 | Gained mutation: Your spells are a little harder to cast,
                  | but a little more powerful. [potion of mutation]
 63597 | Depths:5 | Lost mutation: Your spells are a little harder to cast, but
                  | a little more powerful. [potion of mutation]
 63597 | Depths:5 | Lost mutation: You are weak. (Str -2) [potion of mutation]
 63597 | Depths:5 | Lost mutation: You are occasionally teleported next to
                  | monsters. [potion of mutation]
 63597 | Depths:5 | Gained mutation: You have an increased reservoir of magic.
                  | (+10% MP) [potion of mutation]
 63597 | Depths:5 | Gained mutation: Your flesh is cold resistant. (rC+)
                  | [potion of mutation]
 63597 | Depths:5 | Gained mutation: You are surrounded by a mild repulsion
                  | field. (EV +2) [potion of mutation]
 63717 | Depths:4 | Reached skill level 26 in Fighting
 64545 | Depths:3 | Found Piamnol's General Store.
 64553 | Depths:3 | Bought a scroll of enchant armour for 112 gold pieces
 64553 | Depths:3 | Bought a potion of heal wounds for 75 gold pieces
 64553 | Depths:3 | Bought a potion of heal wounds for 75 gold pieces
 64553 | Depths:3 | Bought a wand of scattershot (3) for 315 gold pieces
 64553 | Depths:3 | Bought a potion of invisibility for 120 gold pieces
 64561 | Depths:3 | Lost mutation: You have an increased reservoir of magic.
                  | (+10% MP) [potion of mutation]
 64561 | Depths:3 | Lost mutation: Your flesh is cold resistant. (rC+) [potion
                  | of mutation]
 64561 | Depths:3 | Gained mutation: You possess an exceptional clarity of
                  | mind. [potion of mutation]
 64561 | Depths:3 | Gained mutation: Your flesh is cold resistant. (rC+)
                  | [potion of mutation]
 64833 | Depths:3 | Reached skill level 15 in Armour
 65136 | Depths:3 | Noticed a juggernaut
 65244 | Depths:3 | Killed a juggernaut
 65244 | Depths:3 | Reached XP level 25. HP: 83/161 MP: 24/30
 65614 | Depths:3 | Received a gift from Trog
 65692 | Depths:3 | Identified the Volume of Cloudy Evil
 66238 | D:10     | Bought an uncursed ring of protection from fire for 350
                  | gold pieces
 66531 | Depths:4 | Found a gateway to a ziggurat.
 66849 | Depths:4 | Found a one-way gate to the infinite horrors of the Abyss.
 67522 | Depths:5 | Cast into level 2 of the Abyss (hell knight)
 67812 | Depths:5 | Escaped the Abyss
 67888 | Depths:5 | Received a gift from Trog
 67889 | Depths:5 | Got a faintly glowing hand axe {god gift}
 68962 | Depths:5 | Found a gate to the Realm of Zot.
 69011 | Depths:5 | Reached skill level 27 in Fighting
 69971 | Zot:1    | Entered Level 1 of the Realm of Zot
 70767 | Zot:2    | Found a runed gate.
 70768 | Zot:2    | Found a runed gate.
 70768 | Zot:2    | Found a runed gate.
 70769 | Zot:2    | Found an opulent altar of Gozag.
 71198 | Zot:2    | Noticed Haggihos's ghost (master VSFi)
 71208 | Zot:2    | Found Peustu's Assorted Antiques.
 71335 | Zot:2    | Received a gift from Trog
 71478 | Zot:2    | Reached XP level 26. HP: 128/169 MP: 25/30
 71660 | Depths:4 | Killed Beuf's ghost
 72167 | Shoals:3 | Bought a scroll of brand weapon for 320 gold pieces
 73379 | Zot:5    | Entered Level 5 of the Realm of Zot
 73507 | Zot:3    | Noticed an ancient lich
 73507 | Zot:3    | Noticed an orb of fire
 75987 | Zot:5    | Noticed an ancient lich
 76023 | Zot:5    | Killed an ancient lich
 76289 | Zot:5    | Noticed an ancient lich
 76338 | Zot:5    | Killed an ancient lich
 76598 | Zot:5    | Noticed an ancient lich
 76605 | Zot:5    | Noticed an ancient lich
 78402 | Zot:1    | Noticed an orb of fire
 79027 | Zot:4    | Received a gift from Trog
 79359 | Zot:4    | Reached XP level 27. HP: 174/174 MP: 30/30
 79832 | Zot:5    | Noticed an orb of fire
 79840 | Zot:5    | Noticed an orb of fire
 79926 | Zot:5    | Lost mutation: You possess an exceptional clarity of mind.
                  | [an orb of fire]
 79940 | Zot:4    | Killed an orb of fire
 80117 | Zot:5    | Killed an ancient lich
 80368 | Zot:5    | Gained mutation: Your magical capacity is low. (-10% MP)
                  | [an orb of fire]
 80376 | Zot:5    | Gained mutation: You are frail. (-10% HP) [an orb of fire]
 80386 | Zot:5    | Killed an orb of fire
 80397 | Zot:5    | Lost mutation: Your flesh is cold resistant. (rC+) [potion
                  | of mutation]
 80397 | Zot:5    | Lost mutation: You are surrounded by a mild repulsion
                  | field. (EV +2) [potion of mutation]
 80397 | Zot:5    | Lost mutation: Your magical capacity is low. (-10% MP)
                  | [potion of mutation]
 80397 | Zot:5    | Gained mutation: Your body sometimes deteriorates upon
                  | taking damage. [potion of mutation]
 80397 | Zot:5    | Gained mutation: You have large cloven feet. [potion of
                  | mutation]
 80398 | Zot:5    | Lost mutation: Your body sometimes deteriorates upon taking
                  | damage. [potion of mutation]
 80398 | Zot:5    | Lost mutation: You are frail. (-10% HP) [potion of
                  | mutation]
 80398 | Zot:5    | Gained mutation: You tend to lose your temper in combat.
                  | [potion of mutation]
 80398 | Zot:5    | Gained mutation: Armour fits poorly on your strangely
                  | shaped body. [potion of mutation]
 80398 | Zot:5    | Gained mutation: Your movements are slightly less
                  | encumbered by armour. (ER -2) [potion of mutation]
 80398 | Zot:5    | Gained mutation: You passively map a small area around you.
                  | [potion of mutation]
 80399 | Zot:5    | Lost mutation: You tend to lose your temper in combat.
                  | [potion of mutation]
 80399 | Zot:5    | Lost mutation: Your movements are slightly less encumbered
                  | by armour. (ER -2) [potion of mutation]
 80399 | Zot:5    | Lost mutation: Armour fits poorly on your strangely shaped
                  | body. [potion of mutation]
 80399 | Zot:5    | Gained mutation: Armour fits poorly on your strangely
                  | shaped body. [potion of mutation]
 80399 | Zot:5    | Gained mutation: Your magical capacity is low. (-10% MP)
                  | [potion of mutation]
 80399 | Zot:5    | Gained mutation: You are agile. (Dex +2) [potion of
                  | mutation]
 80400 | Zot:5    | Lost mutation: Armour fits poorly on your strangely shaped
                  | body. [potion of mutation]
 80400 | Zot:5    | Lost mutation: You are agile. (Dex +2) [potion of mutation]
 80400 | Zot:5    | Lost mutation: Your magical capacity is low. (-10% MP)
                  | [potion of mutation]
 80400 | Zot:5    | Lost mutation: You have large cloven feet. [potion of
                  | mutation]
 80400 | Zot:5    | Gained mutation: You are clumsy. (Dex -2) [potion of
                  | mutation]
 80400 | Zot:5    | Gained mutation: You are partially covered in molten
                  | scales. (AC +2) [potion of mutation]
 81003 | Zot:5    | Noticed an orb of fire
 81012 | Zot:5    | Noticed an ancient lich
 81015 | Zot:5    | Noticed an orb of fire
 81033 | Zot:4    | Gained mutation: Your body sometimes deteriorates upon
                  | taking damage. [an orb of fire]
 81041 | Zot:4    | Gained mutation: You are weak. (Str -2) [an orb of fire]
 81051 | Zot:4    | Killed an orb of fire
 81283 | Zot:5    | Gained mutation: You are very weak. (Str -4) [an orb of
                  | fire]
 81307 | Zot:4    | Gained mutation: You are dopey. (Int -2) [an orb of fire]
 81341 | Zot:4    | Gained mutation: You tend to lose your temper in combat.
                  | [an orb of fire]
 81342 | Zot:4    | Killed an orb of fire
 81525 | Zot:4    | Lost mutation: Your body sometimes deteriorates upon taking
                  | damage. [potion of mutation]
 81525 | Zot:4    | Lost mutation: You are clumsy. (Dex -2) [potion of
                  | mutation]
 81525 | Zot:4    | Lost mutation: You are very weak. (Str -4) [potion of
                  | mutation]
 81525 | Zot:4    | Lost mutation: You are weak. (Str -2) [potion of mutation]
 81653 | Zot:5    | Slain by an Orb Guardian

Vault maps used:
D:1:      scummos_arrival_simple_fountains, minmay_tromino_v4_b
D:2:      overflow_temple_1_default, kennysheep_boxes, uniq_sigmund
D:3:      lemuel_round_altar, mrwooster_statue_mirror, nrook_loot_triangle,
          uniq_robin
D:4:      minmay_bubble_buster, makhleb_blood_cavern_becter,
          minmay_temple_entry_proselytizer, gup_sewer_entry_glass, first_ration,
          uniq_menkaure
D:6:      lemuel_round_altar, nicolae_qazlal_eye_of_the_storm,
          hellmonk_ghost_happy_afterlife, chequers_serial_rivers_micro_a,
          minmay_lizard_king, uniq_crazy_yiuf_cottage
D:7:      serial_shops, shop, grunt_gozag_statues
D:8:      special_room
D:9:      grunt_ogre_cave, uniq_pikel, uniq_erica
D:10:     serial_shops, nicolae_shop_behind_doors, uniq_snorg
D:11:     dpeg_oklobed_lair, minivault_4, roderic_lattice_a
D:12:     kennysheep_orc_monster_closet_entryway
D:13:     lightli_vaults_fourway_checkpoint, fedhas_altar_2
D:14:     nemelex_xobeh_ov_fountains_minmay, uniq_kirke, uniq_agnes
D:15:     gammafunk_depths_entry_grave, gammafunk_ghost_smash, serial_shops,
          nicolae_shop_temple_entry_statues_fountains,
          minmay_misc_feat_diagonals
Temple:   minmay_crystal_spiral_temple
Lair:1:   beast_lair_carwin_8
Lair:2:   elwin_shoals_entry_rooms, grunt_megastairs_5,
          infiniplex_staircase_pool_2
Lair:3:   minmay_holes
Lair:4:   minmay_snake_entry_guardpost_small, lemuel_fruit_tree
Lair:5:   slime_altar_1, portal_ice_cave_demonic_guard, minmay_hedge_maze,
          uniq_rupert
Lair:6:   evilmike_catoblepas_cave, chequers_serial_rivers_micro_b
Shoals:1: lemuel_centaur_altar
Shoals:2: wheals_shoals_ruined_temple
Shoals:3: gammafunk_its_a_trap, serial_shops, shop_scrolls,
          nicolae_shoals_hunting_party
Shoals:4: shoals_end_hangedman, nicolae_shoals_kraken_intersection, uniq_nikola
Snake:1:  serial_shops, bzr_entry_dummy
Snake:2:  gammafunk_ghost_grave, st_stairs_10, grunt_ministairs_9,
          nicolae_snake_salamander_stairs
Snake:3:  serial_bayou_crossing, uniq_vashnia
Snake:4:  snake_pit, gammafunk_ghost_berserking_beasts
Orc:1:    basic_altar
Orc:2:    st_orc_rangers, basic_altar, uniq_josephine
Elf:1:    minmay_elf_arrival_circle, hangedman_elf_disciples, uniq_azrael
Elf:2:    serial_sigils_hangedman_confine, st_stairs_8, lemuel_flamethrower_3,
          uniq_asterion
Elf:3:    minmay_elf_hall_dome, serial_shops, shop_coins,
          serial_sigils_hangedman_writhe, door_vault
Vaults:1: nicolae_vaults_stairing_the_circle, ontoclasm_vaults_pinch,
          hangedman_vaults_stream, vaults_room_fours,
          nicolae_vaults_circle_grid_a, hangedman_vaults_river_flow,
          nicolae_vaults_what_the_h, hangedman_vaults_locks,
          vaults_room_fancy_cross, v_misc_16, ontoclasm_vaults_idyll,
          special_room_vaults, ontoclasm_vaults_ring_square
Vaults:2: minmay_crypt_entry_skeletal_spiral, v_rooms_2,
          nicolae_vaults_triangles, grunt_vaults_twisty,
          dpeg_vaults_monster_row, vaults_standard_mumra_enter_the_diamond,
          nicolae_vaults_border_crossing, vaults_room_stairs_pillars, st_cells,
          serial_shops, shop
Vaults:3: v_misc_30, v_alt_pattern_2, ontoclasm_vaults_hangar, vaults_mumra_lcd,
          hangedman_vaults_hat, v_misc_25, nicolae_vaults_theta,
          ontoclasm_vaults_gateway, uniq_mennas, uniq_margery
Vaults:4: v_rooms_5, grunt_vaults_hallway_long, hangedman_vaults_nodes,
          v_misc_19, v_misc_28, vaults_room_hallway,
          nicolae_vaults_quartermaster, vaults_mumra_chevron_long,
          nicolae_vaults_mini_display_case, v_misc_16, vaults_dpeg_spiral,
          nicolae_vaults_three_branches, mu_enter_wizlab_1, uniq_jory
Depths:1: hellmouth_1, nrook_campfire, pan_entry, kilobyte_rumbling_trees,
          grunt_megastairs_2
Depths:2: gammafunk_sealed_library, hell_entry, serial_co_window_serial,
          co_window_corner_a, co_window_paths_b, co_window_corner_a,
          co_window_paths_b, co_window_paths_a, co_window_paths_c,
          co_window_2corner, co_window_unsneaky_path_e,
          co_window_of_opportunity_c, co_window_corner_ca, glass_columns_b,
          glass_columns_b, glass_columns_a, glass_columns_a, glass_columns_c
Depths:3: minmay_the_grid_triangle_9x9_rhombus_full, roderic_serpentine_path,
          serial_shops, shop, rand_demon_pan_entry_8, hell_entry,
          infiniplex_staircase_zigzag_5
Depths:4: kennysheep_cluttered_fort, enter_ziggurat_a, abyss_entry, hell_entry,
          infiniplex_staircase_star
Depths:5: grunt_zot_entry_tricorne, ploomutoo_gammafunk_ghost_potion_laboratory,
          abyss_entry, minmay_misc_feat_hallway, grunt_hell_horde, special_room,
          chequers_serial_rivers_micro_c
Zot:2:    ebering_ghost_gozag, hangedman_hellfire_club
Zot:3:    grunt_deathspiral_small
Bazaar:   dpeg_bazaar_wands
Sewer:    sewer_minmay_w
IceCv:    ice_cave_small_dragons
WizLab:   wizlab_cigotuvi

Skill      XL: |  1  2  3  4  5  6  7  8  9 10 11 12 13 14 15 16 17 18 19 20 21 22 23 24 25 26 27 |
---------------+----------------------------------------------------------------------------------+-----
Long Blades    | 3 4 5 6 8 9 10 12 13 14 | 14.0
Dodging        | 5 6 8 10 11 12 14 17 21 23 25 | 25.0
Fighting       | 3 4 8 11 13 15 16 17 20 21 23 24 25 26 27 | 27.0
Evocations     | 5 7 8 |  8.0
Shields        | 2 4 6 7 |  7.2
Armour         | 2 5 7 9 10 11 12 14 15 16 18 19 | 19.5
Stealth        | 5 8 |  8.0

Action                   |  1- 3 |  4- 6 |  7- 9 | 10-12 | 13-15 | 16-18 | 19-21 | 22-24 | 25-27 || total
-------------------------+-------+-------+-------+-------+-------+-------+-------+-------+-------++-------
Melee: Falchion          |   105 |    77 |       |       |       |       |       |       |       ||   182
       Short sword       |       |    72 |   289 |       |       |       |       |       |       ||   361
       Dagger            |       |       |   454 |   127 |       |       |       |       |       ||   581
       Scimitar          |       |       |       |   613 |    19 |       |       |       |       ||   632
       Demon blade       |       |       |       |   202 |  1245 |  1362 |  2111 |  2566 |  1984 ||  9470
       Headbutt          |       |       |       |    39 |   346 |   345 |   607 |   684 |       ||  2021
       Kick              |       |       |       |       |       |       |       |    21 |       ||    21
Throw: Throwing net      |       |       |       |     1 |     1 |       |       |     3 |     2 ||     7
Invok: Berserk           |       |     2 |     4 |     6 |     3 |     3 |     1 |       |     4 ||    23
       Brothers in Arms  |       |       |       |       |       |       |     2 |       |       ||     2
       Trog's Hand       |       |       |       |       |       |       |       |     1 |       ||     1
Evoke: Wand              |       |       |       |    13 |     9 |    30 |    17 |     2 |    33 ||   104
       Phial of floods   |       |       |       |       |       |     1 |     1 |       |       ||     2
       Sack of spiders   |       |       |       |       |       |       |     3 |       |       ||     3
       Box of beasts     |       |       |       |       |       |       |     1 |       |       ||     1
       Lightning rod     |       |       |       |       |       |       |       |     4 |       ||     4
  Use: Potion            |     3 |     1 |     2 |    11 |       |    11 |     8 |    19 |    12 ||    67
       Scroll            |     1 |     1 |     5 |    10 |     7 |    10 |    16 |    18 |    18 ||    86
 Stab: Sleeping          |     4 |     2 |     4 |     1 |     2 |     2 |     5 |     3 |       ||    23
       Distracted        |       |       |       |       |     1 |       |     3 |     3 |       ||     7
       Confused          |       |       |       |       |       |       |       |     1 |       ||     1
       Held in net/web   |       |       |       |       |       |       |       |       |     3 ||     3
  Eat: Ration            |       |     3 |     5 |     8 |     5 |    12 |     8 |    13 |    14 ||    68
Armor: Animal skin       |    10 |     7 |    29 |    17 |       |       |       |       |       ||    63
       Troll leather arm |       |       |       |    22 |    42 |    42 |    69 |       |       ||   175
       Robe              |       |       |       |       |     1 |    20 |       |       |       ||    21
       Fire dragon scale |       |       |       |       |       |       |    52 |       |       ||    52
       Acid dragon scale |       |       |       |       |       |       |    16 |       |       ||    16
       Shadow dragon sca |       |       |       |       |       |       |   148 |   172 |       ||   320
       Gold dragon scale |       |       |       |       |       |       |       |   455 |   643 ||  1098
Dodge: Dodged            |   102 |   117 |   529 |   687 |   693 |   766 |  1302 |  1308 |  1066 ||  6570
Block: Buckler           |       |       |       |   215 |   282 |   380 |   775 |   874 |   679 ||  3205
       Rpst.: Falchion   |    44 |    26 |       |       |       |       |       |       |       ||    70
       Scimitar          |       |       |       |   105 |     2 |       |       |       |       ||   107
       Demon blade       |       |       |       |    31 |   161 |   142 |   239 |   269 |   179 ||  1021

Table legend:
 A = Non-vault XP
 B = Vault XP
 C = Vault XP percentage of total XP
 D = Non-vault monster count
 E = Vault monster count
 F = Vault count percentage of total count
                 A         B        C        D         E       F
            +---------+---------+-------+---------+---------+-------
      Total |  774690 |  833004 |  51.8 |    1453 |    1004 |  40.9
            +---------+---------+-------+---------+---------+-------
        D:1 |      46 |       2 |   4.2 |      23 |       1 |   4.2
        D:2 |      77 |     212 |  73.4 |      13 |       1 |   7.1
        D:3 |     115 |      37 |  24.3 |      30 |      12 |  28.6
        D:4 |     125 |     331 |  72.6 |       8 |      12 |  60.0
        D:5 |     544 |       0 |   0.0 |      16 |       0 |   0.0
        D:6 |    1170 |     288 |  19.8 |      26 |       9 |  25.7
        D:7 |     525 |       0 |   0.0 |      15 |       0 |   0.0
        D:8 |    2247 |     729 |  24.5 |      23 |      25 |  52.1
        D:9 |    1515 |    1748 |  53.6 |      26 |       3 |  10.3
       D:10 |    1984 |    1101 |  35.7 |      24 |       1 |   4.0
       D:11 |    4686 |       0 |   0.0 |      27 |       0 |   0.0
       D:12 |    6822 |    1816 |  21.0 |      36 |      20 |  35.7
       D:13 |    8085 |    6015 |  42.7 |      32 |      12 |  27.3
       D:14 |   15092 |    6155 |  29.0 |      50 |       7 |  12.3
       D:15 |   12142 |    9857 |  44.8 |      34 |      14 |  29.2
     Lair:1 |    1922 |    1280 |  40.0 |      12 |       7 |  36.8
     Lair:2 |    2857 |    3781 |  57.0 |       6 |       9 |  60.0
     Lair:3 |    3210 |       0 |   0.0 |      15 |       0 |   0.0
     Lair:4 |    6828 |     486 |   6.6 |      34 |       3 |   8.1
     Lair:5 |    3961 |    3652 |  48.0 |      13 |       3 |  18.8
     Lair:6 |   14042 |   11486 |  45.0 |      49 |      23 |  31.9
   Shoals:1 |   10845 |     452 |   4.0 |      24 |       4 |  14.3
   Shoals:2 |   18763 |    2976 |  13.7 |      39 |       3 |   7.1
   Shoals:3 |   10370 |    6961 |  40.2 |      24 |      16 |  40.0
   Shoals:4 |   15995 |   25389 |  61.3 |      29 |      36 |  55.4
    Snake:1 |    9455 |       0 |   0.0 |      17 |       0 |   0.0
    Snake:2 |   20032 |    3322 |  14.2 |      38 |       5 |  11.6
    Snake:3 |   21781 |    9061 |  29.4 |      42 |       6 |  12.5
    Snake:4 |   13287 |   27879 |  67.7 |      27 |      41 |  60.3
      Orc:1 |    4593 |     719 |  13.5 |      34 |       2 |   5.6
      Orc:2 |    4491 |    5725 |  56.0 |      27 |      41 |  60.3
      Elf:1 |   21781 |    9965 |  31.4 |      32 |      20 |  38.5
      Elf:2 |    4824 |   25498 |  84.1 |      11 |      30 |  73.2
      Elf:3 |   24207 |   62979 |  72.2 |      37 |      44 |  54.3
   Vaults:1 |   21452 |   34363 |  61.6 |      30 |      68 |  69.4
   Vaults:2 |   25099 |   38481 |  60.5 |      40 |      60 |  60.0
   Vaults:3 |   54847 |   23489 |  30.0 |      84 |      20 |  19.2
   Vaults:4 |    9701 |   43289 |  81.7 |      17 |      57 |  77.0
   Vaults:5 |   49881 |  140245 |  73.8 |      65 |      91 |  58.3
   Depths:1 |   26900 |    9279 |  25.6 |      38 |      16 |  29.6
   Depths:2 |   32976 |   14716 |  30.9 |      59 |      14 |  19.2
   Depths:3 |   25483 |   25748 |  50.3 |      30 |      19 |  38.8
   Depths:4 |   38383 |   13722 |  26.3 |      43 |       6 |  12.2
   Depths:5 |   50759 |   66602 |  56.7 |      51 |      67 |  56.8
      Zot:1 |    8073 |       0 |   0.0 |       3 |       0 |   0.0
      Zot:2 |   38460 |    4715 |  10.9 |      18 |       7 |  28.0
      Zot:3 |   31379 |    2764 |   8.1 |      19 |       2 |   9.5
      Zot:4 |   44521 |   49279 |  52.5 |      25 |      13 |  34.2
      Zot:5 |   44220 |  106564 |  70.7 |      27 |      28 |  50.9
    Abyss:2 |    4137 |       0 |   0.0 |      11 |       0 |   0.0
      Sewer |       0 |     361 | 100.0 |       0 |      48 | 100.0
      IceCv |       0 |    5348 | 100.0 |       0 |      20 | 100.0
     WizLab |       0 |   24137 | 100.0 |       0 |      58 | 100.0
            +---------+---------+-------+---------+---------+-------
